 Dungeon Crawl Stone Soup version 0.29.0 (webtiles) character file.

Game seed: 1431867901036208

3238 lyrin the Skirmisher (level 9, -4/68 HPs)
             Began as a Demonspawn Hunter on Sept 4, 2022.
             Was an Elder of Fedhas.
             Slain by Erica
             ... wielding a +3 scimitar of flaming
              (11 damage)
             ... on level 8 of the Dungeon.
             The game lasted 00:12:40 (7512 turns).

lyrin the Skirmisher (Demonspawn Hunter)            Turns: 7512, Time: 00:12:41

Health: -4/68      AC: 16    Str:  6    XL:     9   Next: 66%
Magic:  4/7        EV: 12    Int: 15    God:    Fedhas [****..]
Gold:   500        SH:  5    Dex: 19    Spells: 8/8 levels left

rFire   + . .      SeeInvis .   f - +8 long sword "Orb Guardian's Curse" {antimagic, rC+ Str-5 Int+2}
rCold   + . .      Faith    .   (no shield)
rNeg    + . .      Spirit   .   i - +3 leather armour
rPois   .          Reflect  +   H - +2 hat
rElec   .          Harm     .   h - +0 cloak
rCorr   .          Rampage  .   m - +2 pair of gloves
Will    .....                   (no boots)
Stlth   ++........              I - amulet of reflection
HPRegen 0.21/turn               u - ring of magical power
MPRegen 0.10/turn               B - ring of positive energy

@: no status effects
A: hooves 1, molten scales 3, icemail 1, condensation shield
a: Renounce Religion, Wall of Briars, Grow Ballistomycete, Overgrow


You were on level 8 of the Dungeon.
You worshipped Fedhas.
Fedhas was greatly pleased with you.
You visited 1 branch of the dungeon, and saw 8 of its levels.

You collected 500 gold pieces.

Inventory:

Hand Weapons
 a - a +0 shortbow
 c - a +0 dagger of electrocution
 f - the +8 long sword "Orb Guardian's Curse" (weapon) {antimagic, rC+ Str-5 Int+2}
   (You found it on level 7 of the Dungeon)

   It reduces the magical energy of the wielder, and disrupts the spells and
   magical abilities of those it strikes.
   Natural abilities and divine invocations are not affected.
   Str:       It affects your strength (-5).
   Int:       It affects your intelligence (+2).
   rC:        It protects you from cold.
Missiles
 r - 22 boomerangs of dispersal
 y - 19 poisoned darts
 G - a curare-tipped dart
Armour
 h - a +0 cloak (worn)
 i - a +3 leather armour (worn)
 m - a +2 pair of gloves (worn)
 H - a +2 hat (worn)
Jewellery
 g - an amulet of guardian spirit
 u - a ring of magical power (left hand)
 B - a ring of positive energy (right hand)
 D - a ring of flight
 F - an amulet of the acrobat
 I - an amulet of reflection (around neck)
Scrolls
 b - 2 scrolls of immolation
 j - 19 scrolls of identify {unknown}
 l - 2 scrolls of magic mapping {unknown}
 p - 3 scrolls of fear {unknown}
 t - 4 scrolls of teleportation {unknown}
 v - 2 scrolls of butterflies {unknown}
 w - 2 scrolls of noise {unknown}
 C - a scroll of blinking {unknown}
 E - a scroll of enchant weapon {unknown}
 J - a scroll of brand weapon {unknown}
Potions
 d - a potion of attraction
 e - a potion of might
 k - a potion of ambrosia {unknown}
 n - 2 potions of invisibility {unknown}
 o - a potion of berserk rage {unknown}
 q - 2 potions of cancellation {unknown}
 s - a potion of mutation {unknown}
 x - a potion of magic {unknown}
 z - 2 potions of curing {unknown}
 A - 2 potions of haste {unknown}
 K - a potion of flight {unknown}


   Skills:
 + Level 5.2 Fighting
 * Level 0.8 Long Blades
 - Level 10.1 Ranged Weapons
 + Level 3.1 Armour
 + Level 3.0 Dodging
 - Level 0.8 Stealth
 - Level 1.3 Shields
 * Level 7.3 Invocations


You had 8 spell levels left.
You didn't know any spells.
Your spell library contained the following spells:

 Spells                   Type           Power      Damage    Failure   Level
 Magic Dart               Conj           0%         1d3       38%         1
 Sandblast                Erth           0%         2d4       38%         1
 Call Imp                 Summ           0%         N/A       52%         2
 Passwall                 Tmut/Erth      0%         N/A       52%         2
 Sublimation of Blood     Necr           0%         N/A       52%         2
 Wereblood                Tmut           0%         N/A       52%         2
 Frozen Ramparts          Ice            0%         1d1       77%         3
 Mephitic Cloud           Conj/Pois/Air  0%         N/A       77%         3
 Ozocubu's Armour         Ice            0%         N/A       77%         3
 Stone Arrow              Conj/Erth      0%         3d7       77%         3
 Tukima's Dance           Hex            0%         N/A       77%         3
 Ice Form                 Ice/Tmut       0%         N/A       99%         4
 Passage of Golubria      Tloc           0%         N/A       99%         4
 Summon Ice Beast         Ice/Summ       0%         N/A       99%         4
 Metabolic Englaciation   Hex/Ice        0%         N/A       100%        5
 Yara's Violent Unravell  Hex/Tmut       0%         3d3       100%        5
 Simulacrum               Ice/Necr       0%         N/A       100%        6
 Summon Hydra             Summ           0%         N/A       100%        7


Dungeon Overview and Level Annotations

Branches:
Dungeon (8/15)             Temple (0/1) D:7
   Lair: D:8-11

Altars:
Ashenzari
Dithmenos
Fedhas
Gozag
Nemelex Xobeh
Okawaru
Wu Jian

Shops:
D:7 (

Annotations:
D:8 Erica


Innate Abilities, Weirdness & Mutations

You have large cloven feet.
You are completely covered in molten scales. (AC +4, rF+)
A meltable icy envelope protects you from harm. (AC +0)
A meltable shield of frost defends you. (SH +0)


Message History

You now have 500 gold pieces (gained 15).
Found a stone staircase leading down.
Erica the Fiery-Tempered comes into view.
She is wielding a +3 scimitar of flaming and wearing a +2 robe of willpower.
Erica shouts!
You hear a shout! x2
Erica points at you and mumbles some strange words.
You are confused.
A lemure comes into view.
You bump into the rock wall.
You bump into the rock wall.
Erica drinks a potion.
Erica seems to grow stronger.
You're too confused to move!
You feel less confused. Erica misses you.
You barely miss Erica. Your kick misses Erica.
Erica gestures at you while chanting. The lance of force hits you.
You are knocked back by the lance of force.
You slam into the rock wall!
You closely miss Erica. You kick Erica, but do no damage.
Erica casts a spell.
Erica flickers and vanishes!
Deactivating autopickup; reactivate with Ctrl-A.
Something hits you.
Your icy defenses dissipate!
You slash something! Something hits you! Something burns you.
You hit something. Your kick misses something. You punch something.
Something hits you! Something burns you.
You completely miss something. You kick something.
Something hits you but does no damage. Something hits you! Something burns you.
You miss something. Your kick misses something.
A lemure comes into view.
Something hits you!
* * * LOW HITPOINT WARNING * * *
Something burns you.
* * * LOW HITPOINT WARNING * * *
Okay, then.
Okay, then.
A briar patch grows up from the ground. x3; Something hits you!
You die...
Fedhas appreciates your contribution to the ecosystem.

#.#######.#######.#
#.#...............#
#.#.#####.#######.#
#.#.....#.# #.#
#.###...#.# ### #
#...#...#.########
#.#.##................
#.5.5{PP##############
#...##@P......# #..
########.# .>. ###


You could see 2 lemures.

Vanquished Creatures
  The ghost of MemoryOf3nth the Sneak, an amateur KoBr of Okawaru (D:5)
  Sigmund (D:2)
  Edmund (D:6)
  Duvessa (D:6)
  2 ice beasts
  2 ogres
  A black bear (D:7)
  4 phantoms
  5 kobold brigands
  The ghost of Caerwyn the Stinger, an amateur OpVM (D:3)
  3 bullfrogs
  2 scorpions
  7 wights (D:6)
  Dowan (D:6)
  A howler monkey (D:5)
  3 hounds (D:5)
  2 jellies (D:5)
  An orc priest (D:5)
  Jessica (D:2)
  5 orc wizards
  6 iguanas
  7 gnolls
  8 adders
  A white imp (D:7)
  An ufetubus (D:4)
  A worm (D:2)
  11 orcs
  4 ball pythons
  7 bats
  9 endoplasms
  4 giant cockroaches
  8 goblins
  3 hobgoblins
  A quokka (D:2)
  6 frilled lizards
  25 kobolds
  3 rats
150 creatures vanquished.

Vanquished Creatures (collateral kills)
  A wight (D:6)
  Terence (D:3)
2 creatures vanquished.

Vanquished Creatures (others)
  2 fungi (D:3)
  2 plants (D:3)
4 creatures vanquished.

Grand Total: 156 creatures vanquished

Notes
Turn   | Place    | Note
-------+----------+-------------------------------------------
     0 | D:1      | lyrin the Demonspawn Hunter began the quest for the Orb.
     0 | D:1      | Reached XP level 1. HP: 16/16 MP: 1/1
    79 | D:1      | Found a faded altar of an unknown god.
    83 | D:1      | Reached skill level 4 in Ranged Weapons
    97 | D:1      | Prayed at the altar of an unknown god.
    97 | D:1      | Became a worshipper of Fedhas Madash
    97 | D:1      | Reached * piety under Fedhas
   124 | D:1      | Gained mutation: You are partially covered in molten
                  | scales. (AC +2) [demonic ancestry]
   124 | D:1      | Reached XP level 2. HP: 20/22 MP: 2/2
   551 | D:2      | Gained mutation: You are mostly covered in molten scales.
                  | (AC +3) [demonic ancestry]
   551 | D:2      | Reached XP level 3. HP: 27/27 MP: 3/3
   638 | D:2      | Noticed Sigmund
   647 | D:2      | Killed Sigmund
   648 | D:2      | Reached skill level 5 in Ranged Weapons
   648 | D:2      | Reached XP level 4. HP: 31/34 MP: 3/5
   648 | D:2      | Gained mutation: You have large cloven feet. [demonic
                  | ancestry]
   648 | D:2      | Reached XP level 5. HP: 36/39 MP: 3/6
   818 | D:2      | Reached ** piety under Fedhas
   904 | D:2      | Noticed Jessica
   906 | D:2      | Killed Jessica
  1062 | D:2      | Gained mutation: You are completely covered in molten
                  | scales. (AC +4, rF+) [demonic ancestry]
  1062 | D:2      | Reached XP level 6. HP: 44/47 MP: 6/8
  1444 | D:3      | Reached skill level 6 in Ranged Weapons
  1568 | D:3      | Noticed an ice beast
  1592 | D:3      | Killed an ice beast
  1681 | D:3      | Noticed Terence
  1695 | D:3      | Killed Terence
  1696 | D:3      | Reached skill level 1 in Armour
  1862 | D:3      | Found a shadowy altar of Dithmenos.
  1904 | D:3      | Found a runed translucent gate.
  1904 | D:3      | Found a runed translucent gate.
  1904 | D:3      | Noticed Caerwyn's ghost (amateur OpVM)
  1905 | D:3      | Found a runed translucent gate.
  2673 | D:4      | Gained mutation: A meltable shield of frost defends you.
                  | (SH +0) [demonic ancestry]
  2673 | D:4      | Reached XP level 7. HP: 48/52 MP: 9/9
  2695 | D:4      | Found an iron altar of Okawaru.
  2879 | D:4      | Found an ornate altar of the Wu Jian Council.
  2902 | D:4      | Found a broken altar of Ashenzari.
  3056 | D:5      | Entered Level 5 of the Dungeon
  3424 | D:5      | Reached skill level 7 in Ranged Weapons
  3458 | D:5      | Found a large runed translucent door.
  3458 | D:5      | Found a large runed translucent door.
  3461 | D:5      | Noticed MemoryOf3nth's ghost (amateur KoBr)
  3507 | D:5      | Reached *** piety under Fedhas
  3640 | D:5      | Reached skill level 1 in Shields
  3715 | D:5      | Gained mutation: A meltable icy envelope protects you from
                  | harm. (AC +0) [demonic ancestry]
  3715 | D:5      | Reached XP level 8. HP: 31/60 MP: 10/11
  4436 | D:5      | Killed MemoryOf3nth's ghost
  4437 | D:5      | Reached skill level 8 in Ranged Weapons
  4437 | D:5      | Reached skill level 5 in Invocations
  4654 | D:3      | Killed Caerwyn's ghost
  4945 | D:6      | Found a sparkling altar of Nemelex Xobeh.
  4971 | D:6      | Noticed Dowan
  4973 | D:6      | Noticed Duvessa
  4993 | D:6      | Killed Duvessa
  4996 | D:6      | Killed Dowan
  5073 | D:6      | Reached skill level 9 in Ranged Weapons
  5073 | D:6      | Reached XP level 9. HP: 43/66 MP: 12/13
  5258 | D:6      | Noticed Edmund
  5293 | D:6      | Killed Edmund
  6202 | D:6      | Found an opulent altar of Gozag.
  6321 | D:7      | Found Epniony's Weapon Emporium.
  6384 | D:7      | Reached skill level 5 in Fighting
  6873 | D:7      | Reached skill level 10 in Ranged Weapons
  7131 | D:7      | Reached **** piety under Fedhas
  7160 | D:7      | Found a staircase to the Ecumenical Temple.
  7183 | D:7      | Identified the +8 long sword "Orb Guardian's Curse"
                  | {antimagic, rC+ Str-5 Int+2}
  7499 | D:8      | Noticed Erica
  7512 | D:8      | Slain by Erica

Illustrated notes

Levels and vault maps discovered:
D:1:      nzn_arrival_settlement, layout_basic,
          ebering_ecumenical_altar_sacrificial
D:2:      layout_loops_ring, uniq_sigmund, uniq_jessica
D:3:      layout_loops_ring, mainiacjoe_overflow_alcove_1,
          mainiacjoe_overflow_tiny_flanked, gammafunk_ghost_nasty_kobolds,
          uniq_terence
D:4:      layout_basic, kennysheep_okawaru_gauntlet,
          mainiacjoe_overflow_big_doors, nicolae_titane
D:5:      layout_loops_corners, ebering_ghost_disaster_area
D:6:      layout_basic, grunt_temple_overflow_gold_and_silver,
          overflow_temple_1_default, nrook_mini_backslash,
          minmay_unpleasant_kobolds, uniq_duvessa, uniq_edmund
D:7:      layout_loops_ring, minmay_temple_entry_mist, serial_shops,
          shop_fountains
D:8:      layout_basic, marbit_many_paths, serial_shops, shop, shop,
          nicolae_shop_behind_doors, minmay_shop_mass, uniq_erica, uniq_pikel

Skill      XL: |  1  2  3  4  5  6  7  8  9 |
---------------+----------------------------+-----
Ranged Weapons | 4 5 6 7 9 10 | 10.1
Invocations    | 2 3 4 5 7 |  7.3
Fighting       | 3 4 5 |  5.2
Armour         | 1 2 3 |  3.1
Dodging        | 2 3 |  3.0
Shields        | 1 |  1.3
Long Blades    | |  0.8
Stealth        | |  0.8

Action                   |  1- 3 |  4- 6 |  7- 9 || total
-------------------------+-------+-------+-------++-------
Melee: Long sword        |       |       |    17 ||    17
       Kick              |       |       |     6 ||     6
       Punch             |       |       |     1 ||     1
 Fire: Shortbow          |    67 |   159 |   425 ||   651
Invok: Wall of Briars    |       |     1 |     9 ||    10
  Use: Potion            |       |       |     3 ||     3
 Stab: Sleeping          |       |       |     1 ||     1
Armor: Leather armour    |     5 |    25 |    91 ||   121
       Ring mail         |       |       |    47 ||    47
Dodge: Dodged            |    10 |    43 |   133 ||   186
Block: Other             |       |       |    65 ||    65
